 Dungeon Crawl Stone Soup version 0.29-a0-40-g8eb35efe60 (webtiles) character file.

Game seed: 4010761402865461411

123 sanka the Thaumaturge (level 5, -7/43 HPs)
             Began as a Gnoll Wanderer on Jan 29, 2022.
             Killed by nerve-wracking pain
             ... invoked by an orc priest
              (9 damage)
             ... on level 3 of the Dungeon on Feb 1, 2022.
             The game lasted 00:04:12 (2830 turns).

sanka the Thaumaturge (Gnoll Wanderer)              Turns: 2830, Time: 00:04:12

Health: -7/43      AC:  3    Str:  9    XL:     5   Next: 7%
Magic:  12/16      EV: 11    Int: 17    God:
Gold:   134        SH:  0    Dex: 10    Spells: 15/22 levels left

rFire   . . .      SeeInvis .   a - +0 dagger
rCold   . . .      Faith    .   (no shield)
rNeg    . . .      Spirit   .   c - +0 robe
rPois   .          Reflect  .   (no helmet)
rElec   .          Harm     .   (no cloak)
rCorr   .          Rampage  .   b - +0 pair of gloves
Will    .....                   (no boots)
Stlth   +++.......              (no amulet)
HPRegen 0.14/turn               (no ring)
MPRegen 0.15/turn               (no ring)

@: no status effects
A: fangs 1, strong nose, distributed training
a: no special abilities


You were on level 3 of the Dungeon.
You visited 1 branch of the dungeon, and saw 3 of its levels.

You collected 134 gold pieces.


Innate Abilities, Weirdness & Mutations

You have very sharp teeth.
Your uncanny sense of smell can sniff out nearby items.
Your experience applies equally to all skills.


   Skills:
 + Level 4.7 Fighting
 + Level 1.3 Short Blades
 + Level 1.3 Long Blades
 + Level 1.3 Axes
 + Level 1.3 Maces & Flails
 + Level 1.3 Polearms
 + Level 1.3 Staves
 + Level 1.3 Slings
 + Level 1.3 Bows
 + Level 1.3 Crossbows
 + Level 1.3 Throwing
 + Level 1.3 Armour
 + Level 1.3 Dodging
 + Level 6.1 Stealth
 + Level 1.3 Shields
 + Level 1.3 Unarmed Combat
 + Level 9.4 Spellcasting
 + Level 1.1 Conjurations
 + Level 1.1 Hexes
 + Level 1.1 Summonings
 + Level 1.1 Necromancy
 + Level 1.1 Translocations
 + Level 1.1 Transmutations
 + Level 1.1 Fire Magic
 + Level 1.1 Ice Magic
 + Level 1.1 Air Magic
 + Level 1.1 Earth Magic
 + Level 1.1 Poison Magic
 + Level 1.5 Invocations
 + Level 1.3 Evocations


You had 15 spell levels left.
You knew the following spells:

 Your Spells              Type           Power      Damage    Failure   Level
c - Mephitic Cloud        Conj/Pois/Air  11%        N/A       17%         3
x - Spider Form           Tmut/Pois      11%        N/A       17%         3
z - Magic Dart            Conj           44%        1d5       6%          1

Your spell library contained the following spells:

 Spells                   Type           Power      Damage    Failure   Level
 Ozocubu's Armour         Ice            11%        N/A       17%         3
 Teleport Other           Tloc           11%        N/A       17%         3
 Ozocubu's Refrigeration  Ice            5%         4d6       100%        7

Inventory:

Hand Weapons
 a - a +0 dagger (weapon)
Armour
 b - a +0 pair of gloves (worn)
 c - a +0 robe (worn)
Scrolls
 d - a scroll of vulnerability {!r}
 e - 2 scrolls of teleportation {unknown}
 f - a scroll of blinking {unknown}
 g - 6 scrolls of identify {unknown}
 h - a scroll of torment {unknown}
 l - a scroll of immolation {unknown}
Potions
 i - a potion of might
 j - a potion of resistance {unknown}
 k - a potion of degeneration {unknown}

Dungeon Overview and Level Annotations

Branches:
Dungeon (3/15)

Altars:

Annotations:
D:3 2 transporters, benappo's ghost, amateur DjWr

▒.............▒ ▒
▒.............▒ .o
..............▒▒▒▒.▒.▒
......................
...................▒
..............▒..▒<▒
.▒▒.....▒'▒▒▒.▒..▒
.▒▒.....▒.▒ ▒.▒..▒
.▒▒.....▒.▒ ▒.▒.g▒
.▒▒.....▒.▒ ▒.▒.▒▒
.▒▒.....▒.▒ ▒...▒
..........▒▒▒...▒
▒▒▒▒▒▒▒▒▒▒...o..▒ ▒
▒▒▒▒▒▒▒▒▒▒....▒o▒▒.▒
...................▒ ▒
▒▒▒▒▒▒▒▒▒....▒▒o▒▒▒▒▒▒
▒ ▒....'........ ▒▒ ▒


You could see an orc warrior and 2 orc priests.


Message History

The orc wizard is moderately wounded.
The orc wizard shouts!
You hear a shout!
The magic dart hits the orc wizard.
The orc wizard is heavily wounded.
The orc wizard gestures at you while chanting.
The puff of flame hits you!
You hear a shout!
The magic dart hits the orc wizard.
The orc wizard is severely wounded.
The orc priest shouts!
The magic dart hits the orc wizard but does no damage.
The orc wizard is severely wounded.
The orc wizard points at you and mumbles some strange words.
The puff of flame hits you!
The orc priest calls down the wrath of Beogh upon you.
Beogh smites you!
* * * LOW HITPOINT WARNING * * *
The magic dart hits the orc wizard.
The orc wizard is severely wounded.
The orc wizard casts a spell.
The orc wizard flickers and vanishes!
Deactivating autopickup; reactivate with Ctrl-A.
There is an open door here.
The orc priest calls down the wrath of Beogh upon you.
Beogh smites you!
* * * LOW HITPOINT WARNING * * *
The orc priest calls down the wrath of Beogh upon you.
Pain shoots through your body!
You die...

Action                   |  1- 3 |  4- 6 || total
-------------------------+-------+-------++-------
Melee: Dagger            |     8 |    11 ||    19
       Bite              |       |     2 ||     2
 Cast: Magic Dart        |    97 |    45 ||   142
  Use: Potion            |     1 |       ||     1
Armor: Robe              |    13 |     7 ||    20
Dodge: Dodged            |    11 |     7 ||    18

Levels and vault maps discovered:
D:1:      grunt_arrival_crossed_arrows, layout_rooms
D:2:      layout_loops_cross, hellmonk_ecumenical_altar_slurped_away
D:3:      layout_basic, gammafunk_ghost_mausoleum

Notes
Turn   | Place    | Note
-------+----------+-------------------------------------------
     0 | D:1      | Reached skill level 9 in Spellcasting
     0 | D:1      | sanka the Gnoll Wanderer began the quest for the Orb.
     0 | D:1      | sanka set off with the following items: a +0 dagger, a +0
                  | pair of gloves, a +0 robe, a scroll of vulnerability {!r};
                  | and the following spell memorised: Magic Dart; and the
                  | following spells available to memorise: Mephitic Cloud,
                  | Spider Form, Teleport Other
     0 | D:1      | Reached XP level 1. HP: 20/20 MP: 10/10
   188 | D:1      | Reached XP level 2. HP: 25/26 MP: 6/12
   877 | D:2      | Upgraded the game from 0.29-a0-22-gbf593b16ee to
                  | 0.29-a0-40-g8eb35efe60
   896 | D:2      | Reached XP level 3. HP: 31/31 MP: 8/13
  1014 | D:2      | Found a faded altar of an unknown god.
  1213 | D:2      | Reached skill level 6 in Stealth
  1728 | D:3      | Reached skill level 1 in Invocations
  1783 | D:3      | Noticed an orc warrior
  1896 | D:2      | Reached skill level 1 in Short Blades
  1896 | D:2      | Reached skill level 1 in Long Blades
  1896 | D:2      | Reached skill level 1 in Axes
  1896 | D:2      | Reached skill level 1 in Maces & Flails
  1896 | D:2      | Reached skill level 1 in Polearms
  1896 | D:2      | Reached skill level 1 in Staves
  1896 | D:2      | Reached skill level 1 in Slings
  1896 | D:2      | Reached skill level 1 in Bows
  1896 | D:2      | Reached skill level 1 in Crossbows
  1896 | D:2      | Reached skill level 1 in Throwing
  1896 | D:2      | Reached skill level 1 in Armour
  1896 | D:2      | Reached skill level 1 in Dodging
  1896 | D:2      | Reached skill level 1 in Shields
  1896 | D:2      | Reached skill level 1 in Unarmed Combat
  1896 | D:2      | Reached skill level 1 in Evocations
  1896 | D:2      | Reached XP level 4. HP: 13/38 MP: 15/15
  2345 | D:3      | Found a transporter.
  2347 | D:3      | Noticed benappo's ghost (amateur DjWr)
  2374 | D:3      | Found a transporter.
  2529 | D:3      | Learned a level 3 spell: Mephitic Cloud
  2533 | D:3      | Learned a level 3 spell: Spider Form
  2587 | D:3      | Reached skill level 1 in Conjurations
  2587 | D:3      | Reached skill level 1 in Hexes
  2587 | D:3      | Reached skill level 1 in Summonings
  2587 | D:3      | Reached skill level 1 in Necromancy
  2587 | D:3      | Reached skill level 1 in Translocations
  2587 | D:3      | Reached skill level 1 in Transmutations
  2587 | D:3      | Reached skill level 1 in Fire Magic
  2587 | D:3      | Reached skill level 1 in Ice Magic
  2587 | D:3      | Reached skill level 1 in Air Magic
  2587 | D:3      | Reached skill level 1 in Earth Magic
  2587 | D:3      | Reached skill level 1 in Poison Magic
  2623 | D:3      | Reached XP level 5. HP: 39/43 MP: 3/16
  2826 | D:3      | HP: 1/43 [orc priest/divine providence (15)]
  2830 | D:3      | Killed from afar by an orc priest

Vanquished Creatures
  2 orc wizards
  An adder (D:3)
  2 dart slugs
  6 orcs
  7 ball pythons
  4 bats
  7 endoplasms
  2 giant cockroaches
  6 goblins
  3 hobgoblins
  4 kobolds
  A quokka (D:3)
  5 frilled lizards
  2 rats
52 creatures vanquished.
